 Dungeon Crawl Stone Soup version 0.24-a0-586-g8e0e932a4c (webtiles) character file.

Game seed: 2501184319389552522, levelgen mode: deterministic

20 Mithandil the Conjurer (level 2, -1/16 HPs)
             Began as a Tengu Conjurer on Sept 8, 2019.
             Slain by a goblin
             ... wielding a +0 dagger
              (4 damage)
             ... on level 1 of the Dungeon.
             The game lasted 00:02:31 (225 turns).

Mithandil the Conjurer (Tengu Conjurer)              Turns: 225, Time: 00:02:32

Health: -1/16      AC:  2    Str:  8    XL:     2   Next: 79%
Magic:  1/6        EV: 13    Int: 15    God:
Gold:   32         SH:  0    Dex: 14    Spells: 4/5 levels left

rFire    . . .     SeeInvis .   a - +0 dagger
rCold    . . .     Gourm    .   (no shield)
rNeg     . . .     Faith    .   g - +0 robe
rPois    .         Spirit   .   (helmet restricted)
rElec    .         Reflect  .   (no cloak)
rCorr    .         Harm     .   (no gloves)
MR       .....                  (boots unavailable)
Stlth    ++........             (no amulet)
HPRegen  0.05/turn              (no ring)
MPRegen  0.10/turn              (no ring)

@: no status effects
A: beak, talons 3
a: no special abilities


You were on level 1 of the Dungeon.
You were not hungry.

You visited 1 branch of the dungeon, and saw 2 of its levels.

You collected 32 gold pieces.

Inventory:

Hand Weapons
 a - a +0 dagger (weapon)
 h - a +0 short sword
Missiles
 e - 17 poisoned darts (quivered)
Armour
 g - a +0 robe (worn)
Scrolls
 b - a scroll of remove curse {unknown}
 d - a scroll of teleportation
Comestibles
 c - a ration
 f - 3 chunks of flesh


   Skills:
 + Level 0.7 Fighting
 + Level 0.0 Short Blades
 + Level 2.3 Dodging
 + Level 2.2 Stealth
 * Level 2.3 Spellcasting
 * Level 5.6 Conjurations


You had 4 spell levels left.
You knew the following spells:

 Your Spells              Type           Power        Failure   Level  Hunger
a - Magic Dart            Conj           ###.         2%          1    #......

Your spell library contained the following spells:

 Spells                   Type           Power        Failure   Level  Hunger
 Searing Ray              Conj           ###...       3%          2    ###....
 Dazzling Spray           Conj/Hex       ##....       21%         3    ###....
 Iskenderun's Mystic Bla  Conj           ###.....     22%         4    #####..
 Force Lance              Conj/Tloc      ##......     56%         4    #####..
 Fulminant Prism          Conj/Hex       ##........   56%         4    #####..


Dungeon Overview and Level Annotations

Branches:
Dungeon (2/15)

Altars:
Nemelex Xobeh


Innate Abilities, Weirdness & Mutations

You have a beak for a mouth.
You have claws for feet.


Message History

The magic dart hits the hobgoblin.
You kill the hobgoblin!
Really attack barehanded? [Y]es or [N]o only, please.
Really attack barehanded? [Y]es or [N]o only, please.
Really attack barehanded?
Okay, then.
a - a +0 dagger (weapon)
The hobgoblin closely misses you.
You closely miss the hobgoblin. The hobgoblin barely misses you.
You closely miss the hobgoblin. The hobgoblin hits you.
* * * LOW HITPOINT WARNING * * *
You hit the hobgoblin but do no damage. You peck the hobgoblin.
The hobgoblin is heavily wounded.
The hobgoblin closely misses you.
You hit the hobgoblin but do no damage. You peck the hobgoblin.
You kill the hobgoblin!
You closely miss the goblin. The goblin hits you with a +0 dagger.
You die...

## ### .. ...
.##)# .#.# †.#
##g# #######@##
#........##
#.........##
#..........#
#.........#..#
#........##..#
##........##.^#
#..............
#.......[.##..##


You could see a goblin.

Vanquished Creatures
  A gnoll (D:1)
  An ooze (D:1)
  2 goblins (D:1)
  2 hobgoblins (D:1)
  A frilled lizard (D:1)
7 creatures vanquished.

Notes
Turn   | Place    | Note
-------+----------+-------------------------------------------
     0 | D:1      | Mithandil the Tengu Conjurer began the quest for the Orb.
     0 | D:1      | Reached XP level 1. HP: 10/10 MP: 4/4
    95 | D:1      | Found a sparkling altar of Nemelex Xobeh.
   172 | D:1      | Reached XP level 2. HP: 7/16 MP: 0/6
   225 | D:1      | Slain by a goblin

Levels and vault maps discovered:
D:1:      grunt_arrival_crossed_arrows, layout_loops_ring,
          nemelex_xobeh_ov_fountains_minmay
D:2:      layout_rooms, tgw_kikubaaqudgha, uniq_robin, uniq_sigmund

Action                   || total
-------------------------++-------
Melee: Unarmed           ||     9
       Dagger            ||     5
       Peck              ||     4
       Kick              ||     2
 Cast: Magic Dart        ||    11
  Use: Scroll            ||     1
Armor: Robe              ||     1
Dodge: Dodged            ||     8

Table legend:
 A = Non-vault XP
 B = Vault XP
 C = Vault XP percentage of total XP
 D = Non-vault monster count
 E = Vault monster count
 F = Vault count percentage of total count
                 A         B        C        D         E       F
            +---------+---------+-------+---------+---------+-------
      Total |      29 |       0 |   0.0 |       7 |       0 |   0.0
            +---------+---------+-------+---------+---------+-------
        D:1 |      29 |       0 |   0.0 |       7 |       0 |   0.0
            +---------+---------+-------+---------+---------+-------
